 Dungeon Crawl Stone Soup version 0.32-a0-350-g4f4d228785 (webtiles) character file.

Game seed: 12445115056025663666

7105 dialectric the Nimble (level 10, -9/50 HPs)
             Began as a Spriggan Brigand on Feb 17, 2024.
             Was an Elder of Makhleb.
             Mangled by a troll (11 damage)
             ... on level 11 of the Dungeon on Feb 18, 2024.
             The game lasted 00:23:27 (11269 turns).

dialectric the Nimble (Spriggan Brigand)           Turns: 11269, Time: 00:23:27

Health: -9/50      AC:  1    Str:  7    XL:     10   Next: 84%
Magic:  11/11      EV: 28    Int: 13    God:    Makhleb [****..]
Gold:   283        SH:  0    Dex: 21    Spells: 9/9 levels left

rFire   . . .        (weapon restricted)
rCold   . . .        (no shield)
rNeg    + . .        b - melded +0 robe
rPois   .            (helmet restricted)
rElec   .            c - +0 cloak
rCorr   .            (gloves unavailable)
SInv    +            (boots unavailable)
Will    ++...        (no amulet)
Stlth   +++++        n - ring of positive energy
HPRegen 0.28/turn    J - ring of willpower
MPRegen 0.12/turn

%: no passive effects
@: maw-form, very quick
A: devouring maw, very small, no large weapons, unfitting armour, see invisible,
speed 3
a: Begin Untransformation, Renounce Religion, Minor Destruction, Lesser Servant
of Makhleb, Major Destruction


You were on level 11 of the Dungeon.
You worshipped Makhleb.
Makhleb was greatly pleased with you.
You were a creature with a mouth for a stomach.
You visited 2 branches of the dungeon, and saw 12 of its levels.

You collected 483 gold pieces.
You spent 200 gold pieces at shops.

Inventory:

Hand Weapons
 a - a +2 dagger of protection
 d - a +4 short sword
 I - a +0 short sword
Missiles
 H - 27 poisoned darts (quivered)
Armour
 b - a +0 robe (melded)
 c - a +0 cloak (worn)
 i - a scarf of invisibility
Jewellery
 n - a ring of positive energy (left hand)
 J - a ring of willpower (right hand)
Talismans
 l - a granite talisman
 r - a maw talisman (active)
Wands
 k - a wand of roots (7)
 L - a wand of charming (8)
 M - a wand of polymorph (10)
Scrolls
 e - a scroll of revelation
 h - 2 scrolls of fog
 q - 2 scrolls of amnesia
 s - a scroll of vulnerability {unknown}
 t - a scroll of teleportation
 u - 2 scrolls of blinking {unknown}
 w - 2 scrolls of poison
 y - a scroll of enchant weapon
 A - a scroll of fear {unknown}
 B - 2 scrolls of summoning {unknown}
 C - a scroll of brand weapon
 F - a scroll of silence {unknown}
 N - a scroll of identify
Potions
 f - 2 potions of attraction
 g - a potion of heal wounds
 j - 2 potions of berserk rage
 m - 2 potions of curing
 o - 2 potions of enlightenment {unknown}
 p - 2 potions of lignification {unknown}
 v - 2 potions of degeneration
 x - 3 potions of brilliance
 z - a potion of invisibility {unknown}
 D - a potion of might {unknown}
 E - a potion of haste {unknown}
 G - 2 potions of ambrosia
Miscellaneous
 K - a condenser vane


   Skills:
 - Level 4.3 Fighting
 + Level 7.1 Short Blades
 - Level 4.0 Throwing
 - Level 12.0 Dodging
 + Level 12.0 Stealth
 + Level 10.3 Shapeshifting


You had 9 spell levels left.
You didn't know any spells.
Your spell library contained the following spells:

 Spells                   Type           Power      Damage    Failure   Level
 Necrotise                Necr           0%         1d4       30%         1
 Sandblast                Erth           0%         2d4       30%         1
 Fugue of the Fallen      Necr           0%         N/A       67%         3
 Hailstorm                Conj/Ice       0%         3d5       67%         3
 Ozocubu's Armour         Ice            0%         N/A       67%         3
 Passwall                 Erth           0%         N/A       67%         3
 Stone Arrow              Conj/Erth      0%         3d7       67%         3
 Summon Ice Beast         Ice/Summ       0%         N/A       67%         3
 Vampiric Draining        Necr           0%         2d6       67%         3
 Brom's Barrelling Bould  Conj/Erth      0%         2d3       97%         4
 Manifold Assault         Tloc           0%         N/A       97%         4
 Martyr's Knell           Necr/Summ      0%         N/A       97%         4
 Curse of Agony           Necr           0%         N/A       100%        5
 Sculpt Simulacrum        Ice/Alch       0%         N/A       100%        6
 Chain Lightning          Conj/Air       0%         N/A       100%        9
 Fire Storm               Conj/Fire      0%         5d1       100%        9
 Shatter                  Erth           0%         3d5*      100%        9


Dungeon Overview and Level Annotations

Branches:
Dungeon (11/15)            Temple (0/1) D:4            Lair (0/5) D:10
    Orc (1/2) D:11

Altars:
Cheibriados
Dithmenos
Gozag
Kikubaaqudgha
Makhleb
Yredelemnul
Beogh

Shops:
D:3 (*::

Annotations:
D:4 3 runed translucent doors, audacious124's ghost, amateur MDFi
D:8 Erica


Innate Abilities, Weirdness & Mutations

You are a creature with a mouth for a stomach.
Your midsection houses a second, enormous mouth.
You are very small and have problems with some larger weapons.
You are too small for most types of armour.
You have supernaturally acute eyesight. (SInv)
You cover ground extremely quickly. (Speed+++)


Message History

No target in view!
Done exploring.
Done exploring.
No target in view!
No target in view!
There is a staircase to the Orcish Mines here.
You climb downwards.
Welcome to the Orcish Mines!
The kobold blastminer shouts!
You hear a shout!
The orc priest shouts!
The troll shouts!
Found 96 gold pieces.
Found a stone staircase leading down.
There is a staircase back to the Dungeon here.
Unknown command.
You hear a shout!
There is a stone staircase leading down here.
The orc priest mumbles some strange prayers to Beogh against you.
Beogh smites you!
The kobold blastminer wields a +0 orcbow.
The kobold blastminer shoots an arrow.
The arrow misses you. The troll attacks as it pursues you!
The troll misses you. The troll completely misses you. The troll claws you!
There is a staircase back to the Dungeon here.
Unknown command.
Your +2 dagger of protection goes still.
You are now empty-handed.
There are no items here.
Unknown command.
Unknown command.
The troll misses you. The troll barely misses you. x2
The kobold blastminer shoots an arrow.
The arrow closely misses you.
You climb upwards.
Welcome back to the Dungeon!
There is a staircase to the Orcish Mines here.
Unknown command.
Unknown command.
Unknown command.
The troll bites you!!
* * * LOW HITPOINT WARNING * * *
The troll completely misses you. The troll claws you.
* * * LOW HITPOINT WARNING * * *
The troll attacks as it pursues you! The troll bites you!
You die...

#...... ##'#### #.#
#.## ###### #..#
###....#### ##<#
#.........# #.#
#..>.....[#########.#
#....TW..)).........###
#ß..)ß#...########.....
###)###...# ##.###
#.....#...# #).#
#.....#...# ##.#
#.._..#...# #.#
#.....##### #.# #.....#
#.# #########
#######.##


You could see a troll.

Vanquished Creatures
  A two-headed ogre (D:11)
  A gargoyle (D:11)
  An unseen horror (D:11)
  A wraith (D:11)
  11 yaks
  A steam dragon (D:9)
  A water moccasin (D:7)
  Duvessa (D:7)
  3 orc warriors
  3 ice beasts
  An ogre (D:4)
  5 centaurs
  3 kobold brigands
  2 bullfrogs
  2 scorpions
  A water moccasin zombie (D:4)
  9 wights
  Dowan (D:7)
  11 killer bees
  3 howler monkeys
  A bombardier beetle (D:6)
  A hound (D:5)
  5 orc priests
  3 gnoll boudas
  3 iguanas
  A sleepcap (D:7)
  10 orc wizards
  A hound zombie (D:4)
  16 gnolls
  12 adders
  4 shadow imps
  2 white imps
  2 dart slugs
  4 ribbon worms
  33 orcs
  6 bats
  6 endoplasms
  A giant cockroach (D:2)
  3 goblins
  6 hobgoblins
  10 jackals
  17 kobolds
  A quokka (D:1)
  5 ball pythons
  2 frilled lizards (D:2)
  5 rats
222 creatures vanquished.

Notes
Turn   | Place    | Note
-------+----------+-------------------------------------------
     0 | D:1      | dialectric the Spriggan Brigand began the quest for the
                  | Orb.
     0 | D:1      | Reached XP level 1. HP: 10/10 MP: 2/2
   136 | D:1      | You fall into a shaft and drop 1 floor!
   146 | D:2      | Reached XP level 2. HP: 15/15 MP: 3/3
   231 | D:2      | Reached XP level 3. HP: 16/18 MP: 4/4
   498 | D:2      | Reached XP level 4. HP: 13/23 MP: 5/5
   704 | D:2      | Found a faded altar of an unknown god.
   815 | D:2      | Prayed at the altar of an unknown god.
   815 | D:2      | Became a worshipper of Makhleb the Destroyer
   815 | D:2      | Reached * piety under Makhleb
  1201 | D:2      | Reached XP level 5. HP: 22/27 MP: 6/6
  1259 | D:3      | Found Emoop's Antique Weapon Boutique.
  1469 | D:3      | Found Zetiur's Assorted Antiques.
  1484 | D:3      | Bought a shiny fluorescent wand for 80 gold pieces
  1494 | D:3      | Found Potuic's Book Emporium.
  1519 | D:3      | Reached ** piety under Makhleb
  1758 | D:3      | Found Jaokeo Ynerph's Book Boutique.
  2111 | D:4      | Found a snail-covered altar of Cheibriados.
  2220 | D:4      | Reached XP level 6. HP: 32/32 MP: 7/7
  2274 | D:4      | Found a runed translucent gate.
  2274 | D:4      | Found a runed translucent gate.
  2274 | D:4      | Found a runed translucent gate.
  2274 | D:4      | Noticed audacious124's ghost (amateur MDFi)
  2275 | D:4      | Found a basalt altar of Yredelemnul.
  2562 | D:4      | Reached XP level 7. HP: 13/36 MP: 8/8
  2712 | D:4      | Found a staircase to the Ecumenical Temple.
  3130 | D:5      | Entered Level 5 of the Dungeon
  3429 | D:5      | Found a shadowy altar of Dithmenos.
  3586 | D:5      | Reached *** piety under Makhleb
  3780 | D:6      | Found an ancient bone altar of Kikubaaqudgha.
  4967 | D:5      | Reached skill level 5 in Short Blades
  4967 | D:5      | Reached XP level 8. HP: 27/42 MP: 9/9
  5181 | D:5      | Reached skill level 10 in Stealth
  5779 | D:6      | Reached skill level 5 in Dodging
  6005 | D:7      | Noticed Duvessa
  6006 | D:7      | Noticed Dowan
  6615 | D:8      | Reached skill level 1 in Shapeshifting
  6864 | D:8      | Identified the +0 chain mail "Heoploigre" {Rampage ^Drain
                  | Int+3}
  6963 | D:8      | Found an opulent altar of Gozag.
  7060 | D:8      | Reached XP level 9. HP: 41/45 MP: 10/10
  7469 | D:8      | Reached skill level 5 in Shapeshifting
  7614 | D:7      | Found a burning altar of Makhleb.
  7703 | D:8      | Noticed Erica
  8095 | D:9      | Reached **** piety under Makhleb
  8243 | D:10     | Entered Level 10 of the Dungeon
  8400 | D:11     | Noticed an unseen horror
  8403 | D:11     | Killed an unseen horror
  8413 | D:11     | Noticed a gargoyle
  8416 | D:11     | Killed a gargoyle
  8436 | D:11     | Noticed a two-headed ogre
  8442 | D:11     | Killed a two-headed ogre
  8443 | D:11     | Reached skill level 10 in Dodging
  8443 | D:11     | Reached XP level 10. HP: 49/49 MP: 11/11
  8750 | D:11     | Noticed a boulder beetle
  8841 | D:10     | Found a staircase to the Lair.
  9048 | D:9      | HP: 1/49 [killer bee (6)]
  9905 | D:7      | Killed Duvessa
 10024 | D:7      | Noticed an Executioner
 10290 | D:3      | Bought a potion of curing for 60 gold pieces
 10290 | D:3      | Bought a scroll of teleportation for 60 gold pieces
 10349 | D:7      | Killed Dowan
 10666 | D:8      | Reached skill level 10 in Shapeshifting
 11076 | D:11     | Found a staircase to the Orcish Mines.
 11089 | D:11     | Found a roughly hewn altar of Beogh.
 11261 | Orc:1    | Entered Level 1 of the Orcish Mines
 11261 | Orc:1    | Noticed a kobold blastminer
 11267 | D:11     | HP: 1/50 [troll (5)]
 11269 | D:11     | Mangled by a troll

Illustrated notes

Levels and vault maps discovered:
D:1:      psy_arrival_statuary, layout_loops_ring
D:2:      minmay_spotlight, layout_rooms, shapermc_ecumenical_altar_mp_vishouse
D:3:      layout_loops_ring, serial_shops, shop, nicolae_shop_tiny_glass,
          nicolae_shop_pleasant_corner_grove, shop, st_stairs_9
D:4:      layout_loops_ring, nicolae_yredelemnul_ghost_church, slow_altar_1,
          temple_pool_b
D:5:      layout_basic, grunt_dithmenos_shadows
D:6:      layout_gridville, kiku_gazebo_garden_becter
D:7:      layout_loops_cross, makhleb_altar_promises_db,
          minmay_misc_feat_four_crosses, st_stairs_8, uniq_duvessa
D:8:      layout_loops_corners, kennysheep_mini_moat, minmay_circle_x,
          uniq_erica
D:9:      layout_basic, chequers_serial_rivers_micro_b, uniq_jeremiah
D:10:     layout_long_grid, dpeg_oklobed_lair, enter_trove_5
D:11:     layout_roguey, minmay_orc_entry_temple_small
Orc:1:    layout_caves, serial_shops, nicolae_shop_crystal,
          guppyfry_orc_lava_fort

Skill      XL: |  1  2  3  4  5  6  7  8  9 10 |
---------------+-------------------------------+-----
Stealth        | 6 7 8 9 11 12 | 12.0
Dodging        | 2 3 4 6 10 12 | 12.0
Fighting       | 2 3 4 |  4.3
Short Blades   | 3 5 6 7 |  7.1
Throwing       | 3 4 |  4.0
Shapeshifting  | 3 8 10 | 10.3

Action                     |  1- 3 |  4- 6 |  7- 9 | 10-12 || total
---------------------------+-------+-------+-------+-------++-------
  Melee: Dagger            |    60 |   238 |   594 |   377 ||  1269
         Maw               |       |       |       |   136 ||   136
  Throw: Dart              |       |    19 |    49 |    15 ||    83
 Invoke: Lesser Servant of |       |       |       |     1 ||     1
  Evoke: Wand              |       |    11 |    11 |       ||    22
    Use: Potion            |       |     1 |     2 |     2 ||     5
         Scroll            |       |       |     6 |     9 ||    15
   Stab: Sleeping          |    12 |    14 |    16 |    10 ||    52
         Distracted        |       |     1 |     3 |     3 ||     7
 Armour: Robe              |    12 |    59 |   192 |    27 ||   290
         Skin              |       |       |       |    54 ||    54
  Dodge: Dodged            |    33 |   166 |   526 |   349 ||  1074
   Form: Maw               |       |       |       |     1 ||     1

Table legend: (Time is in decaauts)
 A = Elapsed time spent in this place.
 B = Non-inter-level travel time spent in this place.
 C = Inter-level travel time spent in this place.
 D = Time resting spent in this place.
 E = Time spent auto-exploring this place.
 F = Levels seen in this place.
 G = Mean time per level.
                   A        B        C        D        E       F      G
               +--------+--------+--------+--------+--------+-----+--------+
         Total |   8116 |   7782 |    334 |    822 |   4294 |  12 |  676.3 |
       Dungeon |   8112 |   7778 |    334 |    822 |   4294 |  11 |  737.5 |
  Orcish Mines |      3 |      3 |      0 |      0 |      0 |   1 |    3.0 |
               +--------+--------+--------+--------+--------+-----+--------+

Top non-repeatable levels by time:
     D:8: 1511 daAuts
     D:6: 1270 daAuts
     D:5: 885 daAuts
     D:4: 816 daAuts
     D:3: 802 daAuts
     D:9: 790 daAuts
    D:11: 690 daAuts
     D:2: 564 daAuts
     D:7: 526 daAuts
    D:10: 167 daAuts
     D:1: 87 daAuts
   Orc:1: 3 daAuts
